[Event "1st Kallai Gabor Memorial Blitz 2022"]
[Site "Budapest"]
[Date "2022.12.01"]
[Round "1.1"]
[White "Motylev, Alexander"]
[Black "Bjerre, Jonas Buhl"]
[Result "1-0"]
[ECO "B52"]
[WhiteElo "2628"]
[BlackElo "2622"]
[Annotator "TA"]
[PlyCount "97"]
[EventDate "2022.12.01"]
[EventType "blitz"]
[EventCountry "HUN"]
[SourceTitle "playchess.com"]
[Source "ChessBase"]
[SourceQuality "1"]
[TimeControl "300+3"]

1. e4 c5 2. Nf3 d6 3. Bb5+ Bd7 4. Bxd7+ Nxd7 5. c3 Ngf6 6. Qe2 e6 {[%emt 0:00:01] B50: Sicilian: 2...d6, Miscellaneous.} 7. d4 $1 {[%emt 0:00:02] 7.d4 is better than 7.0-0.} Be7 8. e5 dxe5 {[%emt 0:00:04] The position is equal.} (8... Nd5 {feels hotter.} 9. c4 Qa5+ 10. Bd2 Nb4) 9. dxe5 Nd5 10. c4 Nb4 11. O-O O-O 12. Nc3 Nc6 13. Bf4 a6 14. Rad1 Qc7 {[%emt 0:00:02] [#]} 15. Ne4 $146 ({Predecessor:} 15. h4 Rfd8 16. h5 h6 17. g3 Nf8 18. Kg2 Rxd1 19. Rxd1 Rd8 20. Rxd8 Qxd8 21. Qe4 {½-½ (30) Chang,S (2087)-Carstens Dobuchak,T (2149) Brasilia 2016}) 15... Rfd8 16. h4 h6 17. Qe3 Nf8 ({Black should play} 17... b5 $14) 18. Nf6+ $1 $18 (18. Nxc5 Nb4 19. Na4 Nxa2 $15) 18... Kh8 {[%emt 0:00:50] [#]} (18... gxf6 {might work better.} 19. exf6 (19. Bxh6 $2 Nxe5 20. Nxe5 Qxe5 $19) 19... e5 20. fxe7 Qxe7) 19. Bxh6 $1 gxf6 20. exf6 {[%emt 0:00:10] White threatens Bg7+ and mate.} Bxf6 {[%emt 0:00:26] Threatens to win with ...Rxd1.} 21. Bxf8 (21. Qxc5 e5 22. Bxf8 Rxf8 $17) 21... Bxb2 (21... Rxf8 {was necessary.} 22. Qh6+ (22. Qxc5 $2 Kg7 $19) 22... Kg8) 22. Qh6+ Kg8 {[%emt 0:00:01] [#] Hoping for ...Rxd1.} 23. Ng5 $1 Qf4 24. Bxc5 {[%csl Gg5][%cal Rh6h7] Really sharp!} (24. Rxd8 Rxd8 25. Bxc5 Qf5 $16) 24... Qf5 {[%emt 0:00:19] Inhibits Qh7+.} 25. Be3 Ne5 {[%emt 0:00:18] [#] Inhibits g4.} 26. f3 {[%emt 0:00:07] Against Ng4} (26. Ne4 $1 $16 Ng4 27. Qg5+ Qxg5 28. Bxg5) 26... Nxc4 $11 27. Bf2 Bg7 {[%emt 0:00:07] Inhibits g4.} 28. Qh5 Ne5 29. Bb6 Rxd1 30. Rxd1 f6 {[%emt 0:00:09] ...Rf8 is the strong threat.} 31. f4 $1 fxg5 32. fxe5 gxh4 33. Qxf5 exf5 {[%emt 0:00:00][%mdl 4096] Endgame KRB-KRB} 34. e6 Re8 35. Re1 (35. Rd8 $11 {should be considered.} Rxd8 36. Bxd8) 35... Bf6 $15 36. Kf2 Rc8 37. Kf3 Kf8 (37... Kg7 $1 $15) 38. Kf4 $11 Rc6 39. Bg1 Rc2 40. Kxf5 Be7 41. Be3 Rxg2 42. Rc1 Bd6 $2 (42... Rxa2 43. Rc8+) (42... Bd8 $11) 43. Bg5 $2 (43. Rc8+ $18 Ke7 44. Bd4 (44. Bg5+ Rxg5+ 45. Kxg5 Kxe6 $14)) 43... Rf2+ $2 {[%emt 0:00:04] Loses the game.} (43... Rxa2 $2 {is a self mate.} 44. Rc8+ (44. Bxh4 Ra5+ 45. Kg6 Rc5 $18) 44... Kg7 45. Bf6+ Kh7 46. Rh8#) (43... Kg7 $16) 44. Kg6 $18 {[%emt 0:00:01][%cal Rc1c8] White is clearly winning.} Kg8 45. e7 Bxe7 46. Bxe7 {[%emt 0:00:01] White wants to mate with Rc8+.} Rg2+ {[%emt 0:00:01] [#]} 47. Bg5 $1 Rf2 48. Bxh4 Rf7 49. Bf6 {[%emt 0:00:02] Weighted Error Value: White=0.42/Black=0.31} 1-0

[Event "1st Kallai Gabor Memorial Blitz 2022"]
[Site "Budapest"]
[Date "2022.12.01"]
[Round "1.2"]
[White "Kozak, Adam"]
[Black "Ruck, Robert"]
[Result "1-0"]
[ECO "A37"]
[WhiteElo "2538"]
[BlackElo "2537"]
[Annotator "TA"]
[PlyCount "39"]
[EventDate "2022.12.01"]
[EventType "blitz"]
[EventCountry "HUN"]
[SourceTitle "playchess.com"]
[Source "ChessBase"]
[SourceQuality "1"]
[TimeControl "300+3"]

1. Nf3 g6 2. c4 Bg7 3. Nc3 c5 4. g3 Nc6 5. Bg2 d6 6. d3 e6 7. h4 {[%emt 0:00:06] seems to push 7.0-0 aside. A37: Symmetrical English vs ...g6: 4 Bg2 Bg7 5 Nf3.} h5 8. Bg5 Nge7 9. O-O {[%emt 0:00:10] [#] White is slightly better.} b6 $146 {[%emt 0:00:24] [#]} (9... O-O $11 {remains equal.}) ({Predecessor:} 9... O-O 10. a3 a5 11. Qd2 f6 12. Bh6 e5 13. Bxg7 Kxg7 14. Ne1 Be6 15. Nc2 d5 16. cxd5 Nxd5 {½-½ (48) Wang,Y (2723)-Radjabov,T (2713) Beijing 2013}) 10. Ne4 {[%emt 0:00:11] White is more active.} (10. Ne5 $1 $16 Nxe5 11. Bxa8) 10... d5 $2 (10... Kf8 $14) 11. Nf6+ $18 Kf8 12. d4 Ba6 (12... Qd6 $142 13. Qa4 cxd4) 13. cxd5 exd5 14. dxc5 bxc5 15. Rc1 c4 16. Qa4 Bc8 17. Rfd1 {[%emt 0:00:08][%cal Of6d5] And now Nxd5! would win.} Qd6 {[%emt 0:00:09] [#]} 18. Nxd5 Nxd5 19. Qxc4 Nce7 $2 {[%emt 0:01:01] [#]} (19... Be6 20. Qxc6 Qxc6 21. Rxc6 Nb6) 20. Rxd5 $1 {[%emt 0:00:04][%mdl 576] Black got outplayed after the opening.   Weighted Error Value: White=0.28 (precise) /Black=0.97} 1-0

[Event "1st Kallai Gabor Memorial Blitz 2022"]
[Site "Budapest"]
[Date "2022.12.01"]
[Round "1.3"]
[White "Beliavsky, Alexander G"]
[Black "Berkes, Ferenc"]
[Result "1/2-1/2"]
[ECO "D45"]
[WhiteElo "2487"]
[BlackElo "2643"]
[Annotator "TA"]
[PlyCount "53"]
[EventDate "2022.12.01"]
[EventType "blitz"]
[EventCountry "HUN"]
[SourceTitle "playchess.com"]
[Source "ChessBase"]
[SourceQuality "1"]
[TimeControl "300+3"]

1. d4 d5 2. c4 c6 3. Nf3 Nf6 4. Nc3 a6 5. e3 e6 6. Bd3 dxc4 7. Bxc4 b5 8. Bd3 c5 9. a4 b4 10. Ne4 Nbd7 11. O-O Bb7 12. Ng3 {[%emt 0:00:05] D48: Semi-Slav: Meran System: 7...b5 8 Bd3 a6.} Be7 13. Qe2 O-O 14. Rd1 {Black has an edge.} Qb8 {[%emt 0:01:38] [#]} 15. b3 $146 ({Predecessor:} 15. a5 Rd8 16. Bc4 Qa7 17. b3 Nd5 18. Bb2 Nc3 19. Bxc3 bxc3 20. Rac1 Bxf3 21. Qxf3 cxd4 22. exd4 {½-½ (44) Shkurikhin,I (2380)-Mochalin,F (2173) St Petersburg 2019}) 15... Nd5 {[%emt 0:01:22] [#] Hoping for ...Nc3.} 16. Bb2 Nc3 17. Bxc3 bxc3 18. Qc2 Nf6 (18... g6 $11 {was preferrable.}) 19. Qxc3 Bxf3 20. gxf3 cxd4 21. Qxd4 Rd8 22. Qb2 Nd5 23. Rac1 Bf6 24. Qa3 (24. Qc2 $16) 24... Be7 (24... Nc3 $11) 25. Qb2 Bf6 26. Qa3 ({White should try} 26. Qc2 $14) 26... Be7 ({Black should play} 26... Nc3 $11) 27. Qb2 {[%emt 0:00:01] Weighted Error Value: White=0.29 (precise) /Black=0.24 (precise)} (27. Qa2 $1 $14) 1/2-1/2

[Event "1st Kallai Gabor Memorial Blitz 2022"]
[Site "Budapest"]
[Date "2022.12.01"]
[Round "1.4"]
[White "Gaal, Zsoka"]
[Black "Borhy, Marcell"]
[Result "0-1"]
[ECO "A06"]
[WhiteElo "2286"]
[BlackElo "2407"]
[Annotator "TA"]
[PlyCount "86"]
[EventDate "2022.12.01"]
[EventType "blitz"]
[EventCountry "HUN"]
[SourceTitle "playchess.com"]
[Source "ChessBase"]
[SourceQuality "1"]
[TimeControl "300+3"]

1. Nf3 d5 2. g3 Nd7 3. d4 b5 4. Bg2 Bb7 5. O-O e6 6. a4 {[%emt 0:00:21] D02: 1 d4 d5 2 Nf3 sidelines, including 2...Nf6 3 g3 and 2...Nf6 3 Bf4.} b4 7. c4 c5 8. Nbd2 {[%emt 0:00:45] White is slightly better.} Ngf6 9. a5 dxc4 10. Nxc4 {[%emt 0:00:04] [#]} cxd4 $146 ({Predecessor:} 10... Bd5 11. Ne3 Bc6 12. Qb3 Be7 13. Rd1 O-O 14. dxc5 Rb8 15. Ne5 Bxg2 16. Kxg2 Nxc5 {0-1 (34) Alekseenko,M (1880)-Danilyuk,O (1987) Cheliabinsk 2022}) 11. Bf4 {[%emt 0:00:22] Hoping for Nd6+.} (11. Qxd4 {is more complex.} Bd5 12. Bf4 Bc5 13. Nd6+) 11... Nc5 12. Qxd4 (12. Nxd4 $2 Bxg2 13. Nb5 Bxf1 14. Nc7+ Ke7 15. Bd6+ Kd7 16. Bf4+ Ke7 17. Bd6+ Kd7 18. Bf4+ Ke7 $17) 12... Bd5 13. Ncd2 Ncd7 $2 (13... Be7 $16) 14. e4 Bc5 15. Qd3 $36 {[%emt 0:00:07][%mdl 2048] White is on the roll.} Bc6 16. Rfc1 O-O {[%emt 0:00:32] [#]} 17. Be3 $1 Bxe3 18. Qxe3 ({But not} 18. Rxc6 $6 Bxd2 19. Qxd2 Nxe4 20. Qxb4 Ndf6 $14) 18... Rc8 (18... Bb5 $142 19. Qb3 Rb8) 19. Qxa7 $18 Nxe4 {[%emt 0:00:31][%cal Oe4c5] [#] Threatens to win with ...Nec5!} 20. Rxc6 Nxd2 (20... Rxc6 21. Nxe4) 21. Nxd2 Rxc6 22. Bxc6 Ne5 (22... Nb8 {is tougher.} 23. Qb7 Qxd2) 23. Qc5 Nxc6 24. Qxc6 {And now Nc4 would win.} Qxd2 {[%emt 0:00:02][%mdl 4096] Endgame KQR-KQR} 25. a6 Qxb2 26. Qa4 (26. Ra4 $18) 26... h5 27. a7 ({Better is} 27. Rd1 $11) 27... Ra8 $15 {[%emt 0:00:01] Black is more active.} 28. Kg2 {[%emt 0:00:07][%cal Oa4c6] [#]} Qd4 ({Black should try} 28... Qc3 $1 $17) 29. Qa6 (29. Rd1 $11 Qb6 30. Rd7) 29... Qd5+ 30. Kg1 b3 31. Qb6 $1 {[%emt 0:00:04] Prevents h4.} h4 32. gxh4 (32. Qb8+ {is interesting.} Kh7 33. gxh4 f6 34. h5) 32... Kh7 33. Rb1 (33. Qb8 {seems wilder.} f6 34. Rb1 Qh5 35. Rb2) 33... Qd7 34. Ra1 (34. Qxb3 {simplifies} Rxa7 35. Qc2+ f5 36. Qe2) 34... Qd5 35. Qb4 Qd7 $2 (35... e5 $11) 36. Qb8 $2 (36. Qxb3 Rxa7 37. Qb1+ f5 $11) ({White must play} 36. Qe4+ $18 f5 37. Qxa8) 36... b2 $11 {[%emt 0:00:06] Really sharp!} 37. Qxb2 {[%emt 0:00:05] Qb1+ is the strong threat.} Rxa7 38. Qc2+ (38. Rxa7 {simplifies} Qxa7 39. Qc2+ f5 40. Kg2) 38... g6 (38... f5 {simplifies} 39. Rxa7 Qxa7 40. Kg2 Qe7) 39. Rd1 (39. Rxa7 $11 Qxa7 40. h5) 39... Qb5 40. Qc3 Rd7 (40... Qe2 $17 41. Ra1 Rxa1+ 42. Qxa1 Qg4+ 43. Kf1 Qc4+ 44. Kg1 Qxh4) 41. Ra1 (41. Rxd7 $11 {remains equal.} Qxd7 42. Kg2) 41... Qh5 $17 42. Qg3 Rd4 {[%emt 0:00:03] Inhibits Qf4. Strongly threatening ...Rg4.} 43. Ra8 $2 (43. h3 $17) 43... Rg4 {[%emt 0:00:02] What a fight!   Weighted Error Value: White=0.64/Black=0.36} ({Weaker is} 43... Qxh4 44. Qxh4+ Rxh4 45. Rc8 $17) (43... Rxh4 $2 {is the wrong capture.} 44. f3 $19) 0-1

[Event "1st Kallai Gabor Memorial Blitz 2022"]
[Site "Budapest"]
[Date "2022.12.01"]
[Round "1.5"]
[White "Troff, Kayden"]
[Black "Horvath, Csaba"]
[Result "1-0"]
[ECO "A47"]
[WhiteElo "2483"]
[BlackElo "2502"]
[Annotator "TA"]
[PlyCount "53"]
[EventDate "2022.12.01"]
[EventType "blitz"]
[EventCountry "HUN"]
[SourceTitle "playchess.com"]
[Source "ChessBase"]
[SourceQuality "1"]
[TimeControl "300+3"]

1. d4 Nf6 2. Nf3 b6 3. Bf4 Bb7 4. Nbd2 g6 5. e3 Bg7 6. Bd3 d6 {[%emt 0:00:02] A47: 1 d4 Nf6 2 Nf3 b6: Torre, London and Colle Systems.} 7. O-O O-O 8. c3 Nbd7 {[%emt 0:00:02] [#] The position is equal.} 9. a4 $146 ({Predecessor:} 9. Qe2 a6 10. Bg3 c5 11. e4 cxd4 12. cxd4 Nh5 13. Rac1 Nxg3 14. hxg3 e6 15. Qe3 {1-0 (53) Braun,A (2609)-Svidler,P (2723) Chess.com INT 2020}) 9... e5 (9... Re8 $5 10. Bg5 e5 $11) 10. Bg5 a6 11. Bc4 h6 12. Bh4 e4 13. Ne1 c5 14. Ba2 d5 (14... b5 {looks sharper.} 15. Nc2 Re8 16. Qe2 c4) 15. c4 cxd4 (15... b5 {seems wilder.} 16. cxd5 Qb6 17. a5 Qa7) 16. exd4 g5 17. Bg3 Qe7 (17... Ne8 $11) 18. Nc2 $16 Rfe8 19. Re1 Qe6 20. Ne3 Nh7 $2 (20... b5 $16) 21. cxd5 $18 ({Less strong is} 21. Nxd5 Bxd5 22. cxd5 Qf6 $18) 21... Qg6 22. Ndc4 f5 {[%emt 0:00:09][%cal Bf7f5,Bf5f4][%mdl 32] [#]} 23. Nd6 {[%emt 0:00:02] Prevents f4.} (23. Nxf5 $142 $1 Bxd5 (23... Qxf5 24. Nd6) 24. Ne5) 23... f4 24. Nxb7 Rab8 {[%emt 0:00:15] [#]} 25. Qg4 Nhf6 {[%emt 0:00:07] [#]} 26. Qf5 Kh7 (26... Qxf5 $16 27. Nxf5 Rxb7) 27. Nd6 {[%emt 0:00:06] Weighted Error Value: White=0.28 (precise) /Black=0.47} 1-0

[Event "1st Kallai Gabor Memorial Blitz 2022"]
[Site "Budapest"]
[Date "2022.12.01"]
[Round "2.1"]
[White "Troff, Kayden"]
[Black "Motylev, Alexander"]
[Result "1-0"]
[ECO "D02"]
[WhiteElo "2483"]
[BlackElo "2628"]
[Annotator "TA"]
[PlyCount "147"]
[EventDate "2022.12.01"]
[EventType "blitz"]
[EventCountry "HUN"]
[SourceTitle "playchess.com"]
[Source "ChessBase"]
[SourceQuality "1"]
[TimeControl "300+3"]

1. d4 d5 2. Nf3 Nf6 3. Bf4 c5 4. e3 e6 5. Nc3 a6 6. Ne5 {[%emt 0:00:07] D02: 1 d4 d5 2 Nf3 sidelines, including 2...Nf6 3 g3 and 2...Nf6 3 Bf4.} Nbd7 7. Be2 Be7 8. O-O {[%emt 0:00:03] The position is equal.} O-O 9. Bf3 Nxe5 10. Bxe5 {[%emt 0:00:18] [#]} Bd7 $146 (10... Nd7 $5 ) ({Predecessor:} 10... cxd4 11. Qxd4 Bd7 12. e4 dxe4 13. Nxe4 Bc6 14. Nxf6+ Bxf6 15. Bxf6 Qxf6 16. Qxf6 gxf6 17. Bxc6 bxc6 {½-½ (59) Ivarsson,T (2075)-Brynell,S (2415) Malmo 2019}) 11. dxc5 Bxc5 12. e4 Bc6 13. exd5 Nxd5 14. Nxd5 Bxd5 15. Bxd5 Qxd5 16. Qxd5 exd5 17. Rad1 Rad8 18. Bd4 Rc8 19. c3 Rfe8 20. Bxc5 Rxc5 $11 {[%emt 0:00:01][%mdl 4096] Endgame KRR-KRR} 21. Rd2 Kf8 22. Rfd1 Re5 23. f4 Re4 24. g3 Ke7 25. Kf2 Ke6 $1 26. Kf3 h5 27. Rd3 a5 {[%emt 0:00:04] Inhibits b4.} 28. R1d2 g6 29. Rd4 Rxd4 30. Rxd4 {[%emt 0:00:02] KR-KR} Rb5 31. Rd2 a4 32. Ke3 Rc5 33. Kd3 Rb5 34. Kd4 Kd6 35. Re2 Rb6 36. Kd3 Rb5 37. h3 Rb6 38. g4 hxg4 39. hxg4 Rb5 40. Kd4 Rb6 41. f5 gxf5 42. gxf5 Rc6 43. b3 axb3 44. axb3 {[%cal Ba2b3,Bb3b4][%mdl 32] With the idea Re8.} Rb6 $1 45. Rb2 Ra6 (45... Ke7 $11) 46. Rh2 $14 {[%emt 0:00:01] [#] Intending Rh6+ and mate. White now steadily converts the win.} Ra3 $2 (46... Ke7 $16) 47. Rh6+ $18 Ke7 48. Rb6 (48. Kxd5 Rxb3 49. f6+ Kd7 $11) 48... Ra5 49. b4 Ra3 50. Rxb7+ Kf6 51. Rd7 (51. Kxd5 Rxc3 52. b5 Rf3 $16) 51... Kxf5 52. Rxf7+ Ke6 53. Rh7 Kd6 54. Rh6+ Kc7 55. Rh5 (55. Kxd5 Rxc3 56. Rh7+ (56. b5 Rc1 $11) 56... Kb6 $11) 55... Kc6 56. Rh6+ Kc7 57. Rh8 {[%emt 0:00:10] White mates.} (57. Kxd5 Rxc3 58. Rg6 (58. b5 Kb7 $11) 58... Rc1 $11) 57... Rb3 58. Re8 (58. Kxd5 Rxc3 59. Rh7+ Kb6 $11) 58... Ra3 59. Re5 (59. Kxd5 Rxc3 60. Rf8 Kb6 $11) 59... Kc6 60. Re6+ Kc7 61. b5 ({And not} 61. Kxd5 Rxc3 62. Rg6 (62. b5 Rc1 $11) 62... Rc2 $11) 61... Rb3 62. Rc6+ ({Not} 62. Kxd5 Rxb5+ 63. Kd4 Rb1 $11) 62... Kb7 {[%emt 0:00:07] [#]} 63. Rc5 $1 ({Inferior is} 63. Kxd5 Rxb5+ 64. Rc5 Rb6 $11) 63... Kb6 64. Rxd5 Rb1 65. Kc4 Ka5 66. Rd8 Kb6 67. Rd6+ Kc7 68. Rh6 Kb7 69. Kc5 Rg1 70. Rh7+ Kb8 71. c4 Rg4 72. b6 Rg1 73. Kc6 Rg6+ 74. Kb5 {[%emt 0:00:00] Weighted Error Value: White=0.12 (very precise) /Black=0.29 (precise)} 1-0

[Event "1st Kallai Gabor Memorial Blitz 2022"]
[Site "Budapest"]
[Date "2022.12.01"]
[Round "2.2"]
[White "Horvath, Csaba"]
[Black "Gaal, Zsoka"]
[Result "1-0"]
[ECO "A04"]
[WhiteElo "2502"]
[BlackElo "2286"]
[Annotator "TA"]
[PlyCount "117"]
[EventDate "2022.12.01"]
[EventType "blitz"]
[EventCountry "HUN"]
[SourceTitle "playchess.com"]
[Source "ChessBase"]
[SourceQuality "1"]
[TimeControl "300+3"]

1. Nf3 c5 2. e3 g6 3. d4 Bg7 4. dxc5 Qa5+ 5. Nbd2 Qxc5 6. a3 {[%emt 0:00:02] A40: Unusual replies to 1 d4.} Qc7 7. c4 Nc6 8. Be2 {[%emt 0:00:07] The position is equal.} Nf6 9. O-O d6 10. Nd4 O-O 11. b4 a5 {[%emt 0:00:37] [#]} 12. b5 $146 ({Predecessor:} 12. Nxc6 bxc6 13. Bb2 Bb7 14. Bc3 axb4 15. axb4 c5 16. b5 Nd7 17. Qc2 Bxc3 18. Qxc3 {½-½ (59) Barcza,G-Bondarevsky,I Budapest 1961}) 12... Ne5 13. Bb2 h5 14. h3 a4 15. Rc1 (15. f4 $5 ) 15... Ned7 16. Bc3 Nc5 17. Bb4 Nh7 (17... e5 $15 18. N4f3 Bf5) 18. f4 Nf6 19. Qc2 h4 (19... Re8 $11) 20. Qd1 ({Better is} 20. Bf3 $14) 20... Nfe4 (20... Re8 $1 $11 {feels stronger.}) 21. Bxc5 (21. Nxe4 $14 Nxe4 22. Bd3) 21... Nxc5 $15 22. Qe1 e5 23. fxe5 (23. Nc2 $142) 23... dxe5 $17 24. Nc2 Nb3 (24... Qe7 $142 25. Nb4 Qg5) 25. Rd1 Bf5 {[%emt 0:00:09] Prevents Ne4.} 26. Nb4 Nxd2 27. Rxd2 Be4 (27... Qc5 $15 {keeps the upper hand.} 28. Nd5 Be6) 28. Qxh4 $16 f5 29. Nd5 {[%emt 0:00:36] White is more active.} Qc5 ({Black should play} 29... Bxd5 $14 30. Rxd5 (30. cxd5 Qc3 $11) 30... Rad8) 30. Ne7+ $18 Kf7 31. Qxe4 {[%emt 0:00:08][%cal Of1f5] [#] Intending Rxf5+! and mate.} Qxe7 32. Qd5+ Qe6 $2 (32... Ke8 33. Rfd1 Bh6) 33. Qxb7+ Kg8 34. Rd7 Bh6 35. Kh1 ({And not} 35. Rh7 Bxe3+ 36. Kh1 Ra7 37. Rg7+ Kh8 $14) 35... Rab8 36. Qd5 Qxd5 37. Rxd5 ({Don't do} 37. cxd5 $6 Bxe3 38. Rc7 Rf6 $16) 37... e4 38. c5 Bxe3 39. c6 f4 $2 (39... Kg7 40. Rfd1 Bb6 41. Rd7+ Rf7) 40. Bg4 Bb6 {[%emt 0:00:06] Prevents c7.} 41. Rd7 e3 42. Be6+ Kh8 43. Bc4 Rbe8 44. Rb7 Ba5 45. Be2 ({Less strong is} 45. b6 Rf6 $18) 45... Rd8 46. c7 Rc8 47. b6 g5 (47... Bxb6 $142 48. Rxb6 Rxc7 49. Rxg6 Rc3) 48. Bg4 Rfe8 49. Be2 $2 ({White should try} 49. Bxc8 $18 {Bg4 would kill now.} e2 50. Rg1) 49... Kg7 $2 (49... Rf8 $11 50. Rc1 Bd2) 50. Rd1 {[%emt 0:00:03] [#] aiming for Rd8.} Bd2 51. Kg1 Kf6 52. Kf1 Ke5 53. Bg4 Kd4 54. Ke2 Ra8 55. Ra7 {[%emt 0:00:04] White mates.} f3+ 56. gxf3 Rac8 57. Bxc8 Rxc8 58. b7 Rxc7 59. b8=Q {[%emt 0:00:03] Never resign too early!   Weighted Error Value: White=0.42/Black=0.71} 1-0

[Event "1st Kallai Gabor Memorial Blitz 2022"]
[Site "Budapest"]
[Date "2022.12.01"]
[Round "2.3"]
[White "Borhy, Marcell"]
[Black "Beliavsky, Alexander G"]
[Result "1/2-1/2"]
[ECO "D41"]
[WhiteElo "2407"]
[BlackElo "2487"]
[Annotator "TA"]
[PlyCount "105"]
[EventDate "2022.12.01"]
[EventType "blitz"]
[EventCountry "HUN"]
[SourceTitle "playchess.com"]
[Source "ChessBase"]
[SourceQuality "1"]
[TimeControl "300+3"]

1. Nf3 Nf6 2. c4 e6 3. Nc3 d5 4. d4 c5 5. cxd5 cxd4 6. Qxd4 exd5 7. e4 {[%emt 0:00:02] D41: Queen's Gambit Declined: Semi-Tarrasch with 5 cxd5.} dxe4 $1 {[%emt 0:00:01][%mdl 4] is recently more successful than 7...Nc6.} 8. Qxd8+ Kxd8 9. Ng5 {[%emt 0:00:01][%csl LRe4,LRf7] White is slightly better.} Be6 10. Nxe6+ fxe6 11. Bc4 Bb4 12. Bxe6 Nc6 13. O-O {[%emt 0:00:39] [#] next Nd5 is good for White.} Ke7 $146 (13... Nd4 {with more complications.} 14. Rd1 Ke7 15. Bc4 Rhd8) ({Predecessor:} 13... h6 14. a3 Bc5 15. Bf5 Re8 16. Rd1+ Kc7 17. Bf4+ Kb6 18. Na4+ Kb5 19. Nxc5 Kxc5 {1-0 (79) Grinberg,I (2146)-Peretz,M (2272) Porto 2014}) 14. Bb3 {[%emt 0:00:07] This pair of bishops is nice.} Rad8 {[%emt 0:00:28] Inhibits Nd5+.} 15. Bg5 Bxc3 16. bxc3 Rhe8 17. f3 h6 18. Bxf6+ gxf6 19. Rae1 {[%emt 0:00:13] Inhibits e3.} Rd3 20. Rxe4+ ({Much worse is} 20. fxe4 $6 Rxc3 21. h3 b5 $11) 20... Kf8 21. Rf4 Rd6 22. Rg4 {[%emt 0:00:48] [#] Rg8+ is the strong threat.} Ne7 {[%emt 0:00:11] Against Rg8+} 23. Re1 Red8 24. Rh4 {[%emt 0:00:26] White is more active.} f5 25. Rb4 b6 26. Rb5 Rg6 27. Rbe5 Rd2 28. R5e2 ({And not} 28. Rxe7 Rgxg2+ 29. Kh1 Rxh2+ 30. Kg1 Rhg2+ 31. Kh1 Rh2+ 32. Kg1 Rhg2+ 33. Kh1 Rh2+ $11) 28... Rxe2 29. Rxe2 $16 {[%emt 0:00:01][%mdl 4096] Endgame KRB-KRN} Rd6 {[%emt 0:00:03] Inhibits Rd2.} 30. Kf2 Ng6 31. g3 Rc6 32. h4 Rxc3 $2 (32... f4 $16 {is a better defense.}) 33. h5 (33. Re6 $142 Kg7 34. h5) 33... Ne7 $18 34. Re6 ({White should try} 34. Rd2) 34... Rc6 $16 35. Ke3 {[%emt 0:00:19] Black must now prevent Kf4.} Rxe6+ 36. Bxe6 {[%emt 0:00:02] KB-KN} Kg7 {[#]} 37. g4 (37. Kd4 $1 $16) 37... fxg4 $11 {[%emt 0:00:08] The position is equal.} 38. fxg4 Kf6 39. Bd7 Kg5 40. Ke4 Ng8 {Strongly threatening ...Nf6+.} 41. Kf3 Nf6 42. Be6 Ne8 (42... b5 $5 ) 43. Ke4 Nf6+ 44. Kf3 b5 45. Bc8 a5 (45... b4 $5) 46. a3 b4 47. axb4 axb4 {[%emt 0:00:01] Threatens to win with ...b3.} 48. Be6 {[%emt 0:00:01] Inhibits b3.} Ne8 49. Ke4 Nf6+ 50. Kf3 b3 51. Bxb3 Nxg4 52. Be6 Nf6 53. Bf7 {[%emt 0:00:01] Blacks defense is rewarded with a draw.   Weighted Error Value: White=0.12 (very precise) /Black=0.12 (very precise)} 1/2-1/2

[Event "1st Kallai Gabor Memorial Blitz 2022"]
[Site "Budapest"]
[Date "2022.12.01"]
[Round "2.4"]
[White "Berkes, Ferenc"]
[Black "Kozak, Adam"]
[Result "1/2-1/2"]
[ECO "C42"]
[WhiteElo "2643"]
[BlackElo "2538"]
[Annotator "TA"]
[PlyCount "35"]
[EventDate "2022.12.01"]
[EventType "blitz"]
[EventCountry "HUN"]
[SourceTitle "playchess.com"]
[Source "ChessBase"]
[SourceQuality "1"]
[TimeControl "300+3"]

1. e4 e5 2. Nf3 Nf6 3. Nxe5 d6 4. Nf3 Nxe4 5. Qe2 Qe7 6. d3 Nf6 7. Nc3 c6 8. Bg5 Qxe2+ 9. Bxe2 Be7 10. O-O-O d5 {[%emt 0:00:22] C42: Petroff Defence: 3 Nxe5 and unusual White 3rd moves.} 11. Rhe1 {[%emt 0:00:02] [#] A rather calm draw.} {Predecessor:} Na6 $146 12. Nd4 O-O 13. Bf3 Bd8 14. Nce2 Nc7 15. h3 Ne6 16. Nxe6 Bxe6 17. Nf4 Re8 18. Re2 {½-½ (32) Ninov,N (2543)-Popchev,M (2465) Bankia 2011} 1/2-1/2